Cogmind - Beta 17 @@@ ROGUE MODE // 2026.07.21 @ 23:56:51 Player: abnormal202 Result: Self-destructed Performance ------------- Evolutions (2) 1000 Regions Visited (4) 800 Robots Destroyed (22) 110 Value Destroyed (247) 247 Prototype IDs (0) 0 Alien Tech Used (0) 0 Bonus (0) 0 TOTAL SCORE: 2157 Bonus ------- None Cogmind --------- Core Integrity 410/550 Matter 263/300 Energy 100/100 System Corruption 0% Temperature Cool (18) Movement Treading (145) Location -8/Materials Parts ------- > --- POWER (2) -------- (None) > --- PROPULSION (3) --- Advanced Treads > --- UTILITY (4) ------ Small Storage Unit Seismic Detector > --- WEAPON (2) ------- (None) > --- INVENTORY (8) ---- Light Ion Engine Light Treads Small Storage Unit Weight Redist. System Machine Analyzer Improved Terrain Scanner Beam Cannon Assault Rifle Peak State ------------ > --- POWER ------------ Ion Engine > --- PROPULSION ------- Light Treads Light Treads Advanced Treads > --- UTILITY ---------- Small Storage Unit Seismic Detector > --- WEAPON ----------- Assault Rifle Subdweller Machine Gun > --- INVENTORY -------- Light Ion Engine Light Treads Small Storage Unit Weight Redist. System Machine Analyzer Improved Terrain Scanner Beam Cannon Assault Rifle [Rating: 12] Favorites ----------- Power Ion Engine Engine Ion Engine Propulsion Light Treads Treads Light Treads Utility Small Storage Unit Device Seismic Detector Storage Small Storage Unit Weapon Assault Rifle Energy Cannon Beam Cannon Ballistic Gun Assault Rifle Build | -11 -10 -10 -10 -8 ------- Run | Yrd Mat Min Sub Mat Slots Evolved 4 | . . . . 4 Power 1 | . . . . 1 Propulsion 1 | . . . . 1 Utility 2 | . . . . 2 Weapon . | . . . . . Parts Attached 13 | 7 2 . 2 2 Power 2 | 1 1 . . . Engine 2 | 1 1 . . . Core . | . . . . . Reactor . | . . . . . Propulsion 4 | 2 . . . 2 Treads 4 | 2 . . . 2 Leg . | . . . . . Wheel . | . . . . . Hover . | . . . . . Flight . | . . . . . Utility 2 | 2 . . . . Device 1 | 1 . . . . Storage 1 | 1 . . . . Processor . | . . . . . Hackware . | . . . . . Protection . | . . . . . Artifact . | . . . . . Weapon 5 | 2 1 . 2 . Energy Gun . | . . . . . Energy Cannon 1 | . . . 1 . Ballistic Gun 4 | 2 1 . 1 . Ballistic Cannon . | . . . . . Launcher . | . . . . . Special Weapon . | . . . . . Impact Weapon . | . . . . . Slashing Weapon . | . . . . . Piercing Weapon . | . . . . . Special Melee Weapon . | . . . . . Unidentified Prototypes . | . . . . . Parts Lost 5 | . . . . 5 Power 1 | . . . . 1 Propulsion 2 | . . . . 2 Utility . | . . . . . Weapon 2 | . . . . 2 Highest Loss Streak 5 | . . . . 5 To Critical Strikes . | . . . . . Average Backups 6 | 2 6 8 8 8 Power 1 | . 2 1 1 1 Propulsion . | . . 1 1 1 Utility 2 | . 2 3 3 4 Weapon 1 | . 1 2 2 2 Tool/Special . | . . . . . Unused Backups 7 | . 2 . 1 4 Power 2 | . 1 . . 1 Propulsion . | . . . . . Utility 3 | . . . . 3 Weapon 1 | . . . 1 . Tool/Special 1 | . 1 . . . Average Slot Usage (%) 97 | . 100 100 100 61 Engine 13 | . 14 14 14 7 Treads 27 | . 28 28 28 20 Device 13 | . 14 14 14 9 Storage 13 | . 14 14 14 9 Ballistic Gun 26 | . 28 28 26 15 Peak Build Rating 12 | 7 8 8 9 12 Average Rating 7 | 5 7 8 8 10 On Entrance 6 | . 7 8 8 9 Avg Prop Armor Cover (%) . | . . . . . Naked Turns . | . . . . . Heaviest Build 18 | 12 15 15 18 17 Greatest Support 62 | 40 40 40 40 62 Greatest Overweight (x) . | . . . . . Average Overweight (x) . | . . . . . Largest Inventory Capacity 8 | 8 8 8 8 8 Average Capacity 7 | 7 8 8 8 8 Most Carried 8 | 5 8 8 8 8 Average Carried 6 | 2 7 8 7 8 Final Capacity 8 | 8 8 8 8 8 Final Carried 8 | 4 8 8 8 8 Class Distribution -------------------- 100% | Mutant Dominant Class ---------------- Mutant | -10/Materials Mutant | -10/Mines Mutant | -10/Subcaves Mutant | -8/Materials Resources | -11 -10 -10 -10 -8 ----------- Run | Yrd Mat Min Sub Mat Matter Collected 624 | 360 174 42 48 . Remotely . | . . . . . Salvage Created 488 | 200 144 22 76 46 Parts 48 | 19 16 3 6 4 Haulers Intercepted 1 | . 1 . . . Recyclers Shooed . | . . . . . Parts Field Recycled . | . . . . . Retrieved Matter . | . . . . . Parts Self-Destructed 3 | . . . 3 . Prevented . | . . . . . Parts Restored . | . . . . . Kills | -11 -10 -10 -10 -8 ------- Run | Yrd Mat Min Sub Mat Combat Hostiles Destroyed 13 | . 6 2 2 3 Guns 12 | . 6 2 1 3 Cannons 1 | . . . 1 . Classes Destroyed 5 | 2 2 . 1 . Tunneler 7 | 7 . . . . Hauler 1 | . 1 . . . Recycler 1 | 1 . . . . Swarmer 11 | . 6 2 . 3 Subdweller 2 | . . . 2 . Best Kill Streak 4 | 2 4 2 2 3 Combat Bots Only 3 | . 3 2 2 3 Max Kills in Single Turn 1 | 1 1 1 1 1 Gunslinging . | . . . . . Exploded . | . . . . . Melee . | . . . . . Uniques/NPCs Destroyed . | . . . . . Combat | -11 -10 -10 -10 -8 -------- Run | Yrd Mat Min Sub Mat Hostile Shots Fired 143 | . 33 21 20 69 Missed 39 | . 11 7 7 14 Hits 104 | . 22 14 13 55 Projectile 104 | . 22 14 13 55 Critical Strikes 2 | . . 1 . 1 Damage Taken 1163 | . 172 113 298 580 Core 248 | . 31 14 63 140 Absorbed by Shields . | . . . . . Core Remaining (%) 78 | 100 . . 56 . Volleys Fired 83 | 31 27 7 6 12 Largest 2 | 2 2 2 2 2 Hottest 80 | 40 40 40 80 50 Shots Fired 160 | 62 54 14 12 18 Gun 154 | 62 54 14 6 18 Cannon 6 | . . . 6 . Launcher . | . . . . . Special . | . . . . . Kinetic 154 | 62 54 14 6 18 Thermal 6 | . . . 6 . Explosive . | . . . . . Electromagnetic . | . . . . . Robot Hit Streak 12 | 9 5 2 12 9 Robot Miss Streak 5 | 5 5 5 . 3 Penetration Max . | . . . . . Secondary Targets 2 | . 2 . . . Max Gunslinging Chain 1 | . 1 . . . Shots Hit Robots 87 | 33 23 7 11 13 Core Hits 34 | 13 11 2 4 4 Critical Kills . | . . . . . Critical Parts Destroyed 1 | . 1 . . . Critical Strikes 1 | . 1 . . . Destroy 1 | . 1 . . . Melee Attacks . | . . . . . Impact . | . . . . . Slashing . | . . . . . Piercing . | . . . . . Sneak Attacks . | . . . . . Combat Hostiles . | . . . . . Follow-up Attacks . | . . . . . Damage Inflicted 1098 | 343 245 91 172 247 Guns 987 | 343 239 91 67 247 Cannons 105 | . . . 105 . Explosions . | . . . . . Melee . | . . . . . Ramming 6 | . 6 . . . Kinetic 987 | 343 239 91 67 247 Thermal 105 | . . . 105 . Explosive . | . . . . . Electromagnetic . | . . . . . Impact . | . . . . . Slashing . | . . . . . Piercing . | . . . . . Highest Corruption . | . . . . . Average Corruption . | . . . . . Corruption Purged . | . . . . . Corruption Blocked . | . . . . . Overload Shots . | . . . . . Overflow Damage . | . . . . . Projectiles . | . . . . . Explosions . | . . . . . Melee . | . . . . . Knockbacks . | . . . . . Impact . | . . . . . Kinetic . | . . . . . Secondary . | . . . . . Self-Inflicted Damage . | . . . . . Shots . | . . . . . Rammed 1 | . 1 . . . Targets Rammed 1 | . 1 . . . Kicked . | . . . . . Crushed . | . . . . . Highest Temperature 17 | . . . . 17 Average Temperature 10 | . . . . 10 Received Heat Transfer 219 | . . . 66 153 Siege Activations . | . . . . . Martial Activations . | . . . . . Shielding Activations . | . . . . . Robots Disrupted . | . . . . . Combat Hostiles . | . . . . . Robots Corrupted . | . . . . . Combat Hostiles . | . . . . . Parts Fried . | . . . . . Impact Corruptions . | . . . . . Robots Melted . | . . . . . Combat Hostiles . | . . . . . Parts Melted . | . . . . . Heat Transferred 222 | . . . 222 . Parts Sabotaged . | . . . . . Parts Stolen . | . . . . . Parts Stripped . | . . . . . Power Chain Reactions . | . . . . . Alert | -11 -10 -10 -10 -8 ------- Run | Yrd Mat Min Sub Mat Maximum Alert Level . | . . . . . Low Security (%) 100 | 100 100 100 . 100 Level 1 . | . . . . . Level 2 . | . . . . . Level 3 . | . . . . . Level 4 . | . . . . . Level 5 . | . . . . . High Security . | . . . . . Max Security . | . . . . . Peak Influence 105 | 5 105 40 . 50 Initial . | . . . . . Average 15 | . 38 5 . 10 Influence Increases 367 | 40 192 40 . 95 Destroy 0b10 Robot/C 220 | . 120 40 . 60 Destroy 0b10 Robot/NC 45 | 40 5 . . . Destroy Leader 42 | . 22 . . 20 Lose Combat Pursuer 60 | . 45 . . 15 Influence Decreases 332 | 40 192 40 . 60 Time Decay 282 | 40 192 40 . 10 Lost Part 50 | . . . . 50 Squads Dispatched 1 | . 1 . . . Investigation . | . . . . . Extermination . | . . . . . Reinforcement 1 | . 1 . . . Assault . | . . . . . Garrison . | . . . . . Intercept . | . . . . . Searches Triggered . | . . . . . Construction Impeded . | . . . . . Haulers Reinforced . | . . . . . Active Scanning Responses . | . . . . . Cargo Convoy Interrupts . | . . . . . Stealth | -11 -10 -10 -10 -8 --------- Run | Yrd Mat Min Sub Mat Distress Signals 3 | . 2 . . 1 Communications Jammed . | . . . . . Distress Signals . | . . . . . Times Spotted 32 | . 15 3 3 11 Peak Tracking Total 11 | . 5 3 2 11 Tactical Retreats 2 | . 1 . . 1 Traps | -11 -10 -10 -10 -8 ------- Run | Yrd Mat Min Sub Mat Traps Triggered . | . . . . . Indirectly . | . . . . . Trap Hack Attempts . | . . . . . Triggered . | . . . . . Disarmed . | . . . . . Reprogrammed . | . . . . . Reused . | . . . . . Traps Extracted . | . . . . . Installed . | . . . . . Triggered . | . . . . . Machines | -11 -10 -10 -10 -8 ---------- Run | Yrd Mat Min Sub Mat Machines Disabled . | . . . . . Max in Single Turn . | . . . . . Machines Repaired . | . . . . . Machines Dismantled . | . . . . . Machines Sabotaged . | . . . . . Overloaded Fab Kills . | . . . . . Hacking | -11 -10 -10 -10 -8 --------- Run | Yrd Mat Min Sub Mat Machines Accessed . | . . . . . Terminals . | . . . . . Fabricators . | . . . . . Repair Stations . | . . . . . Recycling Units . | . . . . . Scanalyzers . | . . . . . Garrison Access . | . . . . . Total Hacks . | . . . . . Successful . | . . . . . Failed . | . . . . . Catastrophic . | . . . . . Database Lockouts . | . . . . . Manual . | . . . . . Terminals . | . . . . . Fabricators . | . . . . . Repair Stations . | . . . . . Recycling Units . | . . . . . Scanalyzers . | . . . . . Garrison Access . | . . . . . Terminal Hacks . | . . . . . Fabricator Hacks . | . . . . . Repair Station Hacks . | . . . . . Recycling Unit Hacks . | . . . . . Scanalyzer . | . . . . . Garrison Access Hacks . | . . . . . Unauthorized Hacks . | . . . . . Terminals . | . . . . . Fabricators . | . . . . . Repair Stations . | . . . . . Recycling Units . | . . . . . Scanalyzers . | . . . . . Garrison Access . | . . . . . Data Cores Recovered . | . . . . . Used . | . . . . . Hacking Detections . | . . . . . Full Trace Events . | . . . . . Feedback Events . | . . . . . Feedback Blocked . | . . . . . Robot Schematics Acquired . | . . . . . Robots Built . | . . . . . Authchips . | . . . . . Time . | . . . . . Total Robot Build Rating . | . . . . . Part Schematics Acquired . | . . . . . Parts Built . | . . . . . Authchips . | . . . . . Time . | . . . . . Total Part Build Rating . | . . . . . Part Studies Acquired . | . . . . . Parts Repaired . | . . . . . Time . | . . . . . Parts Recycled . | . . . . . Recycled Matter . | . . . . . Retrieved Matter . | . . . . . Retrieved Components . | . . . . . Parts Scanalyzed . | . . . . . Part Schematics Acquired . | . . . . . Parts Damaged . | . . . . . Bothacking | -11 -10 -10 -10 -8 ------------ Run | Yrd Mat Min Sub Mat Used RIF Installer . | . . . . . Robots Hacked . | . . . . . Non-combat . | . . . . . Combat . | . . . . . Robot Hacks Applied . | . . . . . Relay Couplers Released . | . . . . . Fabnet Peak Effective % . | . . . . . Robots Rewired . | . . . . . Allies Hacked . | . . . . . Hacks Repelled . | . . . . . Allies | -11 -10 -10 -10 -8 -------- Run | Yrd Mat Min Sub Mat Total Allies . | . . . . . Largest Group . | . . . . . Highest-Rated Group . | . . . . . Highest-Rated Ally . | . . . . . Total Orders . | . . . . . Ally Attacks . | . . . . . Total Damage . | . . . . . Kills . | . . . . . Allies Corrupted . | . . . . . Allies Melted . | . . . . . Intel | -11 -10 -10 -10 -8 ------- Run | Yrd Mat Min Sub Mat Active Infowar (turns) 1343 | 69 511 286 414 63 Seismic 1343 | 69 511 286 414 63 Robot Analysis Total . | . . . . . Derelict Logs Recovered 1 | . . 1 . . Drone Launches . | . . . . . Drone Recoveries . | . . . . . Exploration | -11 -10 -10 -10 -8 ------------- Run | Yrd Mat Min Sub Mat Turns Passed 1813 | 539 511 286 414 63 Spaces Moved 941 | 278 261 143 240 19 Core 10 | 10 . . . . Treads 931 | 268 261 143 240 19 Legs . | . . . . . Wheels . | . . . . . Hover . | . . . . . Flight . | . . . . . Fastest Speed 50 | 50 160 160 160 145 Average Speed 158 | 156 160 160 160 156 Slowest Speed 160 | 160 160 160 160 160 Overloaded Moves . | . . . . . Propulsion Burnouts . | . . . . . Robots Hopped . | . . . . . Potential Cave-ins . | . . . . . Cave-ins Triggered . | . . . . . Exploration Rate (%) 18 | 9 31 30 17 4 Regions Visited 4 Branch Regions 2 Pre-discovered Areas . | . . . . . Known Exits Taken . | . . . . . Unknown Exits Taken 4 | 1 1 1 1 . Scrap Searched . | . . . . . Spaces Dug . | . . . . . Terrain Destroyed . | . . . . . Melee . | . . . . . Projectile . | . . . . . AOE . | . . . . . Terrain Rammed . | . . . . . Walls Destroyed . | . . . . . Machines Disabled . | . . . . . Actions | -11 -10 -10 -10 -8 --------- Run | Yrd Mat Min Sub Mat Total 1112 | 328 306 187 258 33 Wait 46 | 2 3 36 5 . Move 937 | 277 260 142 239 19 Hop . | . . . . . Pick Up 21 | 11 7 1 2 . Fast Attach 3 | . 1 . 1 1 Attach 7 | 7 . . . . Detach . | . . . . . Swap 5 | . 2 . 2 1 Drop 9 | . 5 1 3 . Fire 83 | 31 27 7 6 12 Melee . | . . . . . Ram . | . . . . . Kick . | . . . . . Crush 1 | . 1 . . . Escape Stasis . | . . . . . Rewire . | . . . . . Trap . | . . . . . Miscellaneous . | . . . . . Route ------- -11/Scrapyard -10/Materials -10/Mines (discovered 2 exits: [*Mat] / [*Sub]) -10/Subcaves -8/Materials History --------- Turn | Location | Event 5 | -11/Scrapyard | Discovered new exit (range 15) 540 | -11/Scrapyard | Entered Materials 541 | -10/Materials | Build established: Mutant 854 | -10/Materials | Discovered new exit (range 13) 1051 | -10/Materials | Entered Mines 1229 | -10/Mines | Discovered new exit (range 12) 1239 | -10/Mines | Learned Materials stockpile data 1319 | -10/Mines | Discovered new exit (range 5) 1337 | -10/Mines | Entered Subcaves 1338 | -10/Subcaves | Approached by a straggling Scientist 1438 | -10/Subcaves | Discovered new exit (range 14) 1751 | -10/Subcaves | Entered Materials 1751 | -8/Materials | Evolved 4 slots: Power x1, Propulsion x1, Utility x2 1814 | -8/Materials | Self-destructed Last Messages --------------- 01502_ Subatomizers dissect the Sub. Monowheel. 01502_ Acquired Assault Rifle. 01513_ Subatomizers dissect the Sub. Monowheel. PARAMETERS=POWER+1,PROPULSION+1,UTILITY+2 LOCATION=UNKNOWN GOAL=ESCAPE Loading Materials stockpile data (x7)... 01761_ Acquired Adv. Treads. 01777_ W-25 Informer sends out distress signal. 01786_ Destroyed Flight Unit. 01793_ Critical hit (Burn: +37). 01795_ S-10 Pest destroyed. 01795_ Lgt. Treads destroyed. 01797_ Electrolysis Chamber disabled. 01798_ Assault Rifle destroyed. 01801_ S-10 Pest destroyed. 01805_ Lgt. Treads destroyed. 01809_ Ion Engine destroyed. 01811_ R-06 Scavenger collects Flight Unit. 01814_ Sub. Machine Gun destroyed. Map ----- +----------------------------------------------------+ | ??????????????????????????????????????????? | | ??????????????????????????????????????????? | | ??????????????????????????????????????????? | | ??????????????????????????????????????????? | | ??????????????????????????????????????????? | | ??????????????????????????????????????????? | | ??????????????????????????????????????????? | | ??????????????????????????????????????????? | | ???????????????????????? ???????????????? | | ???????????????????????? ???????????????? | | ???????????????????????? Y???????????????? | | ???????????????????????# ???????????????? | | ???????????????????????# ???????????????? | | ???????????????????????# ???????????????? | | ????????????????##???###a ???????????????? | | ???????????????? ? ???????????????? | | ???????????????? ???????????????? | | ????????????????""" """ ???????????????? | | ?????????????" """ "" g ???????????????? | | ???????????""" """ """ #???????????????? | | ??????????? #???????????????? | | ?????????? s #???????????????? | | ?????????? [ g########????????? | | ?????????? + #????????? | | ?????????????????########r# """" #????????? | | ????????????????????????#@# """" #????????? | | ????????????????????????#[# """" #????????? | | ????????????????????????# # #????????? | | ????????????????????????# # #????????? | | ????????????????????????#s##+#####????????? | | ????????????????????????# #?????????? | | ????????????????????????# #?????????? | | ??=?????????????????????# #?????????? | | ????????????????????????# #####?????????? | | ????????????????????????# ??????????????? | | ????????????????????????# ??????????????? | | ????????????????????????# ??????????????? | | ???????????????????????? ??????????????? | | ??????????????????????? ??????????????? | | ?????????????????????? ??????????????? | | ??????????????????????######??????????????? | | ??????????????????????????????????????????? | | ??????????????????????????????????????????? | | ??????????????????????????????????????????? | | ??????????????????????????????????????????? | | ????????????????????*?????????????????????? | | ??????????????????????????????????????????? | | ??????????????????????????????????????????? | | ??????????????????????????????????????????? | | ??????????????????????????????????????????? | +----------------------------------------------------+ Best States ------------- Heat Dissipation 31 Energy Generation 10 Energy Capacity 250 Matter Stores 300 Matter Capacity 300 Sight Range 16 Terrain Scan Density 10 Evasion (%) 50 Recoil Reduction 3 Item Schematics ----------------- None Robot Schematics ------------------ None Fabricated ------------ Nothing Repaired ---------- Nothing Studied --------- None Alien Tech Used ----------------- None Achievements -------------- None Challenges ------------ None Game ------ Seed ReflexSpikedRailgun Manual? 0 Play Time 00:14:05 Cumulative 41.9 hours Start 2026.07.21 @ 23:43:09 End 2026.07.21 @ 23:56:51 Sessions 1 Manual Loads 0 Difficulty Rogue Special Mode None Game No. 175 Rogue 175 Adventurer 0 Explorer 0 Win Type - Total 0 Types 0/0/0/0/0/0/0/0/0/0 Lore% 32 Gallery% 29 Achievement% 20 Wizard Run 0 Options --------- Layout 0 ASCII 0 Keyboard 0 Movement Mouse Keybinds 0 Fullscreen 1 Font 18/SmallcapsGlow Map View 38x25 Zoom Use 97% Tactical HUD 1 Map Filters NONE Filters NONE Steam 1 RUN: 1b502e8d-7be6-48e4-879b-7197c8db93c9